 Dungeon Crawl Stone Soup version 0.25-a0-566-g062765be81 (webtiles) character file.

Game seed: 1949492365039427615, levelgen mode: deterministic

57 Flugslaktarn the Covered (level 3, -8/33 HPs)
             Began as a Minotaur Fighter on Feb 27, 2020.
             Killed from afar by Ijyb (15 damage)
             ... with a bolt of acid
             ... on level 4 of the Dungeon.
             The game lasted 00:00:25 (636 turns).

Flugslaktarn the Covered (Minotaur Fighter)          Turns: 636, Time: 00:00:26

Health: -8/33      AC:  7    Str: 21    XL:     3   Next: 73%
Magic:  2/2        EV:  7    Int:  5    God:
Gold:   17         SH:  9    Dex:  9    Spells: 2/2 levels left

rFire    . . .     SeeInvis .   a - +0 war axe
rCold    . . .     Gourm    .   c - +0 kite shield
rNeg     . . .     Faith    .   b - +0 scale mail
rPois    .         Spirit   .   (helmet restricted)
rElec    .         Reflect  .   (no cloak)
rCorr    .         Harm     .   (no gloves)
MR       .....                  (no boots)
Stlth    ..........             (no amulet)
HPRegen  0.11/turn              (no ring)
MPRegen  0.08/turn              (no ring)

@: no status effects
A: retaliatory headbutt, horns 2
a: no special abilities


You were on level 4 of the Dungeon.
You were not hungry.

You visited 1 branch of the dungeon, and saw 4 of its levels.

You collected 17 gold pieces.

Inventory:

Hand Weapons
 a - a +0 war axe (weapon)
Armour
 b - a +0 scale mail (worn)
 c - a +0 kite shield (worn)
Scrolls
 g - a scroll of amnesia {unknown}
 h - 2 scrolls of identify {unknown}
Potions
 d - a potion of might
 i - a potion of degeneration {unknown}
Comestibles
 e - 2 rations
 f - a chunk of flesh


   Skills:
 + Level 4.1 Fighting
 * Level 3.6 Axes
 + Level 4.1 Armour
 + Level 4.1 Shields


You had 2 spell levels left.
You didn't know any spells.
Your spell library was empty.

Dungeon Overview and Level Annotations

Branches:
Dungeon (4/15)
 Temple: D:4-7

Altars:

Annotations:
D:4 Ijyb


Innate Abilities, Weirdness & Mutations

You reflexively headbutt those who attack you in melee.
You have a pair of horns on your head.


Message History

There is a stone staircase leading up here.
Unknown command.
There are monsters nearby!
There are monsters nearby!
Ijyb zaps a wand.
The bolt of acid hits you!
You are splashed with acid!
* * * LOW HITPOINT WARNING * * *
You are too injured to fight recklessly!
You are too injured to fight recklessly!
You are too injured to fight recklessly!
You are too injured to fight recklessly!
You are too injured to fight recklessly!
You are too injured to fight recklessly!
You are too injured to fight recklessly!
You are too injured to fight recklessly!
You are too injured to fight recklessly!
You are too injured to fight recklessly!
You are too injured to fight recklessly!
Unknown command.
Ijyb zaps a wand.
The bolt of acid hits you!
You die...

. . #.
###.##### ##
........# ..#.
......g.+
.....
........##...#
#......#
#@.....#
#<....##
#.....#
......#
.#.....#
..#.....# ..
####### .l.
...


You could see Ijyb.

Vanquished Creatures
  3 adders
  4 orcs (D:3)
  A giant cockroach (D:3)
  7 goblins
  4 hobgoblins
  3 bats
  3 kobolds
  2 rats (D:3)
27 creatures vanquished.

Notes
Turn   | Place    | Note
-------+----------+-------------------------------------------
     0 | D:1      | Flugslaktarn the Minotaur Fighter began the quest for the
                  | Orb.
     0 | D:1      | Reached XP level 1. HP: 19/19 MP: 0/0
   276 | D:2      | Reached XP level 2. HP: 22/27 MP: 1/1
   316 | D:3      | Reached XP level 3. HP: 13/33 MP: 2/2
   633 | D:4      | Noticed Ijyb
   636 | D:4      | Killed from afar by Ijyb

Levels and vault maps discovered:
D:1:      wander_arrival_estate, layout_loops_ring
D:2:      kennysheep_six_static_rooms, layout_basic,
          lemuel_coloured_pillars_altar, first_ration, minmay_goblin_outpost,
          uniq_sigmund
D:3:      layout_rooms, grunt_ministairs_8
D:4:      minmay_inner_zag, layout_basic, uniq_pikel, uniq_ijyb

Skill      XL: |  1  2  3 |
---------------+----------+-----
Axes           | 3 |  3.6
Armour         | 4 |  4.1
Fighting       | 4 |  4.1
Shields        | 4 |  4.1

Action                   || total
-------------------------++-------
Melee: War axe           ||    60
       Headbutt          ||     3
Armor: Scale mail        ||    23
Dodge: Dodged            ||    15
Block: Kite shield       ||    36

Table legend:
 A = Non-vault XP
 B = Vault XP
 C = Vault XP percentage of total XP
 D = Non-vault monster count
 E = Vault monster count
 F = Vault count percentage of total count
                 A         B        C        D         E       F
            +---------+---------+-------+---------+---------+-------
      Total |      45 |      37 |  45.1 |      19 |       8 |  29.6
            +---------+---------+-------+---------+---------+-------
        D:1 |       6 |       0 |   0.0 |       5 |       0 |   0.0
        D:2 |      15 |      11 |  42.3 |       3 |       6 |  66.7
        D:3 |      24 |      26 |  52.0 |      11 |       2 |  15.4
            +---------+---------+-------+---------+---------+-------
